 Dungeon Crawl Stone Soup version 0.30-a0-728-gc68057be0a (webtiles) character file.

Game seed: 15467186496341037217

37 cowhearter the Covert (level 3, -3/35 HPs)
             Began as a Gnoll Delver on Feb 1, 2023.
             Was an Initiate of Trog.
             Killed by divine providence
             ... invoked by an orc priest
              (15 damage)
             ... on level 5 of the Dungeon.
             The game lasted 00:01:11 (256 turns).

cowhearter the Covert (Gnoll Delver)                 Turns: 256, Time: 00:01:12

Health: -3/35      AC:  3    Str: 13    XL:     3   Next: 41%
Magic:  4/4        EV: 13    Int:  9    God:    Trog [......]
Gold:   8          SH:  0    Dex: 13    Spells: 3/3 levels left

rFire   . . .      SeeInvis .    a - +0 falchion
rCold   . . .      Faith    .    (no shield)
rNeg    . . .      Spirit   .    b - +0 leather armour
rPois   .          Reflect  .    (no helmet)
rElec   .          Harm     .    (no cloak)
rCorr   .          Rampage  .    (no gloves)
Will    .....                    (no boots)
Stlth   ++++                     (no amulet)
HPRegen 0.25/turn                (no ring)
MPRegen 0.09/turn                (no ring)

@: no status effects
A: fangs 1, strong nose, distributed training
a: Renounce Religion


You were on level 5 of the Dungeon.
You worshipped Trog.
Trog was noncommittal.
You visited 1 branch of the dungeon, and saw 1 of its levels.

You collected 8 gold pieces.

Inventory:

Hand Weapons
 a - a +0 falchion (weapon)
Armour
 b - a +0 leather armour (worn)
Wands
 g - a wand of digging (3)
Scrolls
 c - a scroll of fog
 d - a scroll of magic mapping
 e - a scroll of fear
Potions
 f - a potion of haste


   Skills:
 + Level 6.5 Fighting
 + Level 0.8 Short Blades
 + Level 4.5 Long Blades
 + Level 0.8 Axes
 + Level 0.8 Maces & Flails
 + Level 0.8 Polearms
 + Level 0.8 Staves
 + Level 0.8 Ranged Weapons
 + Level 0.8 Throwing
 + Level 0.8 Armour
 + Level 4.5 Dodging
 + Level 9.6 Stealth
 + Level 0.8 Shields
 + Level 0.8 Unarmed Combat
 + Level 0.8 Spellcasting
 + Level 0.5 Conjurations
 + Level 0.5 Hexes
 + Level 0.5 Summonings
 + Level 0.5 Necromancy
 + Level 0.5 Translocations
 + Level 0.5 Transmutations
 + Level 0.5 Fire Magic
 + Level 0.5 Ice Magic
 + Level 0.5 Air Magic
 + Level 0.5 Earth Magic
 + Level 0.5 Poison Magic
 + Level 1.0 Invocations
 + Level 0.8 Evocations


You had 3 spell levels left.
You didn't know any spells.
Your spell library was empty.

Dungeon Overview and Level Annotations

Branches:
Dungeon (5/15)
 Temple: D:4-7

Altars:
Trog

Annotations:
D:5 Grinder


Innate Abilities, Weirdness & Mutations

You have very sharp teeth.
Your uncanny sense of smell can sniff out nearby items.
Your experience applies equally to all skills.


Message History

You hit the orc.
The orc is almost dead.
You hear a shout!
The orc barely misses you.
The orc priest miscasts a cantrip.
You hit the orc but do no damage.
The orc is almost dead.
The orc barely misses you.
Grinder blinks!
The orc priest calls upon Beogh to heal the orc.
The orc is healed somewhat.
The orc barely misses you.
You slash the orc!
You kill the orc!
Trog accepts your kill.
The orc priest hits you with a +0 hand axe.
You hit the orc. You bite the orc.
The orc is moderately wounded.
The orc hits you with a +0 mace. The orc priest closely misses you.
You barely miss the orc. You bite the orc, but do no damage.
The orc is moderately wounded.
You hear the rusting of a distant drain.
The orc priest misses you. The orc hits you with a +0 mace.
You barely miss the orc. You bite the orc, but do no damage.
The orc is moderately wounded.
The orc priest calls down the wrath of Beogh upon you.
Beogh smites you! The orc hits you with a +0 mace.
Grinder blinks!
You slash the orc!
You kill the orc!
Trog accepts your kill.
The orc priest hits you but does no damage.
You closely miss the orc priest. The orc priest closely misses you.
A worm comes into view.
You hit the orc priest.
You bite the orc priest, but do no damage.
The orc priest is lightly wounded.
The orc priest hits you with a +0 hand axe.
You hit the orc priest.
The orc priest is heavily wounded.
The orc priest mumbles some strange prayers to Beogh against you.
Beogh smites you!
You die...

.. #... 5w.. #.###:#.
... ##### #.#†..#.
.###.##.!.#######.#.###.
................#.#.....
...........!....#.######
..[......†.!....#.#
.......#........#.#
......o@........#.######
......)#........#.......
.......#................
.......###..############
....... ...##.....# #...
##.........##.⌠.⌠.###.##
#)........##.._..'.#.#
#....... #.⌠.⌠.#...#
#....[##..##


You could see a worm and an orc priest.

Vanquished Creatures
  A hound (D:5)
  2 orcs (D:5)
  4 jackals (D:5)
7 creatures vanquished.

Notes
Turn   | Place    | Note
-------+----------+-------------------------------------------
     0 | D:5      | Reached skill level 9 in Stealth
     0 | D:5      | cowhearter the Gnoll Delver began the quest for the Orb.
     0 | D:5      | Reached XP level 1. HP: 23/23 MP: 1/1
    34 | D:5      | Found a bloodstained altar of Trog.
    41 | D:5      | Became a worshipper of Trog the Wrathful
    73 | D:5      | Noticed a hound
    86 | D:5      | Killed a hound
    87 | D:5      | Reached XP level 2. HP: 5/29 MP: 1/3
    87 | D:5      | Reached XP level 3. HP: 6/35 MP: 1/4
   244 | D:5      | Reached skill level 1 in Invocations
   245 | D:5      | Noticed Grinder
   256 | D:5      | Killed from afar by an orc priest

Illustrated notes

Levels and vault maps discovered:
D:5:      layout_basic, kennysheep_little_box, nicolae_ru_sacrificial_ziggurat,
          mainiacjoe_overflow_small_starburst,
          mainiacjoe_overflow_concentric_impassable, portal_sewer_entry_d,
          uniq_grinder

Skill      XL: |  1  2  3 |
---------------+----------+-----
Stealth        | |  9.6
Invocations    | 1 |  1.0
Fighting       | |  6.5
Short Blades   | |  0.8
Long Blades    | |  4.5
Axes           | |  0.8
Maces & Flails | |  0.8
Polearms       | |  0.8
Staves         | |  0.8
Ranged Weapons | |  0.8
Throwing       | |  0.8
Armour         | |  0.8
Dodging        | |  4.5
Shields        | |  0.8
Unarmed Combat | |  0.8
Spellcasting   | |  0.8
Conjurations   | |  0.5
Hexes          | |  0.5
Summonings     | |  0.5
Necromancy     | |  0.5
Translocations | |  0.5
Transmutations | |  0.5
Fire Magic     | |  0.5
Ice Magic      | |  0.5
Air Magic      | |  0.5
Earth Magic    | |  0.5
Poison Magic   | |  0.5
Evocations     | |  0.8

Action                     || total
---------------------------++-------
  Melee: Falchion          ||    31
         Bite              ||     4
   Stab: Sleeping          ||     1
 Armour: Leather armour    ||     9
  Dodge: Dodged            ||    19

Table legend: (Time is in decaauts)
 A = Elapsed time spent in this place.
 B = Non-inter-level travel time spent in this place.
 C = Inter-level travel time spent in this place.
 D = Time resting spent in this place.
 E = Time spent auto-exploring this place.
 F = Levels seen in this place.
 G = Mean time per level.
                   A        B        C        D        E       F      G
               +--------+--------+--------+--------+--------+-----+--------+
         Total |    258 |    258 |      0 |    115 |     93 |   1 |  258.0 |
       Dungeon |    258 |    258 |      0 |    115 |     93 |   1 |  258.0 |
               +--------+--------+--------+--------+--------+-----+--------+

Top non-repeatable levels by time:
     D:5: 258 daAuts
